Workbook
Name _R: #REF!
Name _R: #REF!
Name A_km: '[1]Fresagem de Pista Ago-98'!#REF!
Name A_km: '[1]Fresagem de Pista Ago-98'!#REF!
Name ÀREA: '[1]Fresagem de Pista Ago-98'!#REF!
Name ÀREA: '[1]Fresagem de Pista Ago-98'!#REF!
Name ÀREA_ACUM: '[1]Fresagem de Pista Ago-98'!#REF!
Name ÀREA_ACUM: '[1]Fresagem de Pista Ago-98'!#REF!
Name BDI: #REF!
Name BDI: #REF!
Name DATA: '[1]Fresagem de Pista Ago-98'!#REF!
Name DATA: '[1]Fresagem de Pista Ago-98'!#REF!
Name DE_km: '[1]Fresagem de Pista Ago-98'!#REF!
Name DE_km: '[1]Fresagem de Pista Ago-98'!#REF!
Name Dólar: #REF!
Name Dólar: #REF!
Name e__cm: '[1]Fresagem de Pista Ago-98'!#REF!
Name e__cm: '[1]Fresagem de Pista Ago-98'!#REF!
Name Excel_BuiltIn__FilterDatabase_1: #REF!
Name Excel_BuiltIn__FilterDatabase_1: #REF!
Name Excel_BuiltIn__FilterDatabase_1_1: #REF!
Name Excel_BuiltIn__FilterDatabase_1_1: #REF!
Name Excel_BuiltIn_Print_Titles_1: #REF!
Name Excel_BuiltIn_Print_Titles_1: #REF!
Name EXT__m: '[1]Fresagem de Pista Ago-98'!#REF!
Name EXT__m: '[1]Fresagem de Pista Ago-98'!#REF!
Name FDE: #REF!
Name FDE: #REF!
Name FRESAGEM: '[1]Fresagem de Pista Ago-98'!#REF!
Name FRESAGEM: '[1]Fresagem de Pista Ago-98'!#REF!
Name graduad: #REF!
Name graduad: #REF!
Name GRADUADA: #REF!
Name GRADUADA: #REF!
Name Imprimir_títulos_IM: #REF!
Name Imprimir_títulos_IM: #REF!
Name INST: #REF!
Name INST: #REF!
Name KSAB: #REF!
Name KSAB: #REF!
Name KSIURB: #REF!
Name KSIURB: #REF!
Name KSSO: #REF!
Name KSSO: #REF!
Name LADO: '[1]Fresagem de Pista Ago-98'!#REF!
Name LADO: '[1]Fresagem de Pista Ago-98'!#REF!
Name LARG: '[1]Fresagem de Pista Ago-98'!#REF!
Name LARG: '[1]Fresagem de Pista Ago-98'!#REF!
Name LD: '[1]Fresagem de Pista Ago-98'!#REF!
Name LD: '[1]Fresagem de Pista Ago-98'!#REF!
Name Lista: #REF!
Name Lista: #REF!
Name ListaFim: #REF!
Name ListaFim: #REF!
Name LLL: #REF!
Name LLL: #REF!
Name PLA: #REF!
Name PLA: #REF!
Name PLANEJADA: #REF!
Name PLANEJADA: #REF!

Sheet 1-PLANILHA PNE
C2: PREFEITURA MUNICIPAL DE JOÃO NEIVA
A3: Obra: Construção de um banheiro PNE para a Quadra de Esportes de Acioli - João Neiva/ES | E3: DATA BASE: | G3: BDI: | H3: 0.309
A4: Local: Rua Felipe Raizer, s/nº, Acioli, João Neiva/ES | E4: 43647 | G4: LS: | H4: 1.2833
A5: PLANILHA ORÇAMENTÁRIA
A6: BASE | B6: CODIGO | C6: Item | D6: Descrição | E6: Un. | F6: Quant | G6: Preço Unitário | H6: Preço do serviço
B9: 01 | C9: 1 | D9: SERVIÇOS PRELIMINARES | H9: =SUM(H10:H12) -> 180.85
A10: IOPES | B10: 10209 | C10: 1.1 | D10: Demolição de alvenaria | E10: m³ | F10: ='2-MEMORIA DE CALCULO PNE'!J10 -> 1.65 | G10: 50.32 | H10: =TRUNC(ROUND(G10*F10,2),2) -> 83.03
A11: IOPES | B11: 10201 | C11: 1.2 | D11: Demolição de piso cimentado inclusive lastro de concreto | E11: m² | F11: ='2-MEMORIA DE CALCULO PNE'!J15 -> 0.99 | G11: 21.81 | H11: =TRUNC(ROUND(G11*F11,2),2) -> 21.59
A12: IOPES | B12: 10501 | C12: 1.3 | D12: Locação de obra com gabarito de madeira | E12: m² | F12: ='2-MEMORIA DE CALCULO PNE'!J27 -> 10.07 | G12: 7.57 | H12: =TRUNC(ROUND(G12*F12,2),2) -> 76.23
B14: 02 | C14: 2 | D14: INSTALAÇÃO DO CANTEIRO DE OBRAS | H14: =SUM(H15:H17) -> 4425.7
A15: IOPES | B15: 020305 | C15: 2.1 | D15: Placa de obra nas dimensões de 2.0 x 4.0 m, padrão IOPES | E15: m² | F15: ='2-MEMORIA DE CALCULO PNE'!J32 -> 8 | G15: 227.53 | H15: =TRUNC(ROUND(G15*F15,2),2) -> 1820.24
A16: IOPES | B16: 020351 | C16: 2.2 | D16: Tapume madeira compensada resinada e= 12mm h=2,20m, estr. c/ mad reflorest., incl mont, pintura esmalte sint, adesivo "IOPES" 60x60cm a cada 10m e faixas c/ pintura esmalte sintético nas cores azul c/ h=30cm e rosa c/ h=10cm | E16: m | F16: ='2-MEMORIA DE CALCULO PNE'!J53 -> 13.85 | G16: 188.12 | H16: =TRUNC(ROUND(G16*F16,2),2) -> 2605.46
B18: 03 | C18: 3 | D18: MOVIMENTO DE TERRA | H18: =SUM(H20:H23) -> 1222.34
B19: 301 | C19: 3.1.0 | D19: ESCAVAÇÕES
A20: IOPES | B20: 30101 | C20: 3.1.1 | D20: Escavação manual em material de 1a. categoria, até 1.50 m de profundidade | E20: m³ | F20: ='2-MEMORIA DE CALCULO PNE'!J62 -> 7 | G20: 47.99 | H20: =TRUNC(ROUND(G20*F20,2),2) -> 335.93
A21: IOPES | B21: 30201 | C21: 3.1.2 | D21: Reaterro apiloado de cavas de fundação, em camadas de 20 cm | E21: m³ | F21: ='2-MEMORIA DE CALCULO PNE'!J71 -> 5.99 | G21: 51.68 | H21: =TRUNC(ROUND(G21*F21,2),2) -> 309.56
A22: IOPES | B22: 30208 | C22: 3.1.3 | D22: Aterro manual para regularização do terreno em argila, inclusive adensamento manual e fornecimento do material (máximo de 100m3) | E22: m³ | F22: ='2-MEMORIA DE CALCULO PNE'!J76 -> 3.02 | G22: 118.78 | H22: =TRUNC(ROUND(G22*F22,2),2) -> 358.72
A23: IOPES | B23: 30304 | C23: 3.1.4 | D23: Índice de preço para remoção de entulho decorrente da execução de obras (Classe A CONAMA - NBR10.004 - Classe II-B), incluindo aluguel da caçamba, carga, transporte e descarga em área licenciada | E23: m³ | F23: ='2-MEMORIA DE CALCULO PNE'!J85 -> 3.44 | G23: 63.41 | H23: =TRUNC(ROUND(G23*F23,2),2) -> 218.13
B25: 04 | C25: 4 | D25: ESTRUTURAS | H25: =SUM(H27:H30) -> 2932.22
B26: 402 | C26: 4.0 | D26: INFRA-ESTRUTURA (FUNDAÇÃO)
A27: IOPES | B27: 40206 | C27: 4.1 | D27: Fôrma de tábua de madeira de 2.5 x 30.0 cm para fundações, levando-se em conta a utilização 5 vezes (incluido o material, corte, montagem, escoramento e desforma) | E27: m² | F27: ='2-MEMORIA DE CALCULO PNE'!J96 -> 14.85 | G27: 68.7 | H27: =TRUNC(ROUND(G27*F27,2),2) -> 1020.2
A28: IOPES | B28: 40231 | C28: 4.2 | D28: Fornecimento, preparo e aplicação de concreto magro com consumo mínimo de cimento de 250 kg/m3 (brita 1 e 2) - (5% de perdas já incluído no custo) | E28: m³ | F28: ='2-MEMORIA DE CALCULO PNE'!J104 -> 0.2 | G28: 508.69 | H28: =TRUNC(ROUND(G28*F28,2),2) -> 101.74
A29: IOPES | B29: 40237 | C29: 4.3 | D29: Fornecimento, preparo e aplicação de concreto Fck=25 MPa (brita 1 e 2) - (5% de perdas já incluído no custo) | E29: m³ | F29: ='2-MEMORIA DE CALCULO PNE'!J115 -> 2.08 | G29: 563.01 | H29: =TRUNC(ROUND(G29*F29,2),2) -> 1171.06
A30: IOPES | B30: 40243 | C30: 4.4 | D30: Fornecimento, dobragem e colocação em fôrma, de armadura CA-50 A média, diâmetro de 6.3 a 10.0 mm | E30: kg | F30: ='2-MEMORIA DE CALCULO PNE'!J128 -> 72.97 | G30: 8.76 | H30: =TRUNC(ROUND(G30*F30,2),2) -> 639.22
B31: 0403 | C31: 5 | D31: SUPER-ESTRUTURA | H31: =SUM(H32:H34) -> 4887.91
A32: IOPES | B32: 040324 | C32: 5.1 | D32: Fornecimento, preparo e aplicação de concreto Fck=25 MPa (brita 1 e 2) - (5% de perdas já incluído no custo) | E32: m³ | F32: ='2-MEMORIA DE CALCULO PNE'!J139 -> 1.92 | G32: 657.28 | H32: =TRUNC(ROUND(G32*F32,2),2) -> 1261.98
A33: IOPES | B33: 040328 | C33: 5.2 | D33: Fornecimento, dobragem e colocação em fôrma, de armadura CA-50 A média, diâmetro de 6.3 a 10.0 mm | E33: kg | F33: ='2-MEMORIA DE CALCULO PNE'!J157 -> 149.16 | G33: 8.76 | H33: =TRUNC(ROUND(G33*F33,2),2) -> 1306.64
A34: IOPES | B34: 040337 | C34: 5.3 | D34: Fôrma em chapa de madeira compensada plastificada 12mm para estrutura em geral, 5 reaproveitamentos, reforçada com sarrafos de madeira 2.5x10cm (incl material, corte, montagem, escoras em eucalipto e desforma) | E34: m² | F34: ='2-MEMORIA DE CALCULO PNE'!J166 -> 27.95 | G34: 82.98 | H34: =TRUNC(ROUND(G34*F34,2),2) -> 2319.29
B35: 06 | C35: 6 | D35: PAREDES E PAINÉIS | H35: =SUM(H37:H39) -> 1824.92
B36: 0503 | C36: 6.1 | D36: VERGAS/CONTRAVERGA
A37: IOPES | B37: 050301 | C37: 6.1.1 | D37: Verga/contraverga reta de concreto armado 10 x 5 cm, Fck = 15 MPa, inclusive forma, armação e desform | E37: m | F37: ='2-MEMORIA DE CALCULO PNE'!J172 -> 4 | G37: 7.28 | H37: =TRUNC(ROUND(G37*F37,2),2) -> 29.12
B38: 0506 | C38: 6.2 | D38: ALVENARIA DE VEDAÇÃO EMPREGANDO ARGAMASSA DE CIMENTO, CAL E AREIA
A39: IOPES | B39: 050601 | C39: 6.2.1 | D39: Alvenaria de blocos de concreto 9x19x39cm, c/ resist. mínimo a compres. 2.5 MPa, assent. c/ arg. De cimento, cal hidratada CH1 e areia no traço 1:0.5:8 esp. das juntas 10mm e esp. das paredes, s/ rev. 9cm | E39: m² | F39: ='2-MEMORIA DE CALCULO PNE'!J188 -> 33.96 | G39: 52.88 | H39: =TRUNC(ROUND(G39*F39,2),2) -> 1795.8
B40: 06 | C40: 7 | D40: ESQUADRIAS DE MADEIRA | H40: =SUM(H42:H43) -> 2133.64
B41: 0601 | C41: 7.0 | D41: MARCOS E ALIZARES
A42: IOPES | B42: 060103 | C42: 7.1 | D42: Marco de madeira de lei de 1ª (Peroba, Ipê, Angelim Pedra ou equivalente) com 15x3 cm de batente, nas dimensões de 0.80 x 2.10 m | E42: und | F42: ='2-MEMORIA DE CALCULO PNE'!J193 -> 2 | G42: 274.97 | H42: =TRUNC(ROUND(G42*F42,2),2) -> 549.94
A43: IOPES | B43: 061303 | C43: 7.2 | D43: Porta em madeira de lei tipo angelim pedra ou equiv.c/enchimento em madeira 1a.qualidade esp. 30mm p/ pintura, inclusive alizares, dobradiças e fechadura externa em latão cromado LaFonte ou equiv., exclusive marco, nas dim.: 0.80 x 2.10 m | E43: und | F43: ='2-MEMORIA DE CALCULO PNE'!J193 -> 2 | G43: 791.85 | H43: =TRUNC(ROUND(G43*F43,2),2) -> 1583.7
B44: 07 | C44: 8 | D44: ESQUADRIAS METÁLICAS | H44: =SUM(H46:H53) -> 5356.09
B45: 0711 | C45: 8.1 | D45: GRADES E PORTÕES
A46: IOPES | B46: 071106 | C46: 8.1.1 | D46: Portão de ferro de correr em barra chata, inclusive chumbamento | E46: m² | F46: ='2-MEMORIA DE CALCULO PNE'!J204 -> 7.48 | G46: 531.87 | H46: =TRUNC(ROUND(G46*F46,2),2) -> 3978.39
A47: IOPES | B47: 071105 | C47: 8.1.2 | D47: Grade de ferro em barra chata, inclusive chumbamento | E47: m² | F47: ='2-MEMORIA DE CALCULO PNE'!J207 -> 1.6 | G47: 274.1 | H47: =TRUNC(ROUND(G47*F47,2),2) -> 438.56
B48: 0717 | C48: 8.2 | D48: ESQUADRIAS METÁLICAS (M2)
A49: IOPES | B49: 071702 | C49: 8.2.1 | D49: Báscula para vidro em alumínio anodizado cor natural, linha 25, completa, com tranca, caixilho, alizar e contramarco, exclusive vidro | E49: m² | F49: ='2-MEMORIA DE CALCULO PNE'!J211 -> 0.96 | G49: 467.38 | H49: =TRUNC(ROUND(G49*F49,2),2) -> 448.68
B50: 08 | C50: 8.3 | D50: VIDROS E ESPELHOS
A51: IOPES | B51: 080102 | C51: 8.3.1 | D51: Vidro plano transparente liso, com 4 mm de espessura | E51: m² | F51: ='2-MEMORIA DE CALCULO PNE'!J215 -> 0.96 | G51: 132.89 | H51: =TRUNC(ROUND(G51*F51,2),2) -> 127.57
B52: 802 | C52: 8.4 | D52: ESPELHOS
A53: IOPES | B53: 80201 | C53: 8.4.1 | D53: Espelho para banheiros espessura 4 mm, incluindo chapa compensada 10 mm, moldura de alumínio em perfil L 3/4", fixado com parafusos cromados | E53: m² | F53: ='2-MEMORIA DE CALCULO PNE'!J219 -> 0.72 | G53: 504.02 | H53: =TRUNC(ROUND(G53*F53,2),2) -> 362.89
B54: 10 | C54: 9 | D54: COBERTURA | H54: =SUM(H56:H61) -> 1833.7
C55: 9.1.0 | D55: ESTRUTURA PARA TELHADO
A56: IOPES | B56: 090102 | C56: 9.1.1 | D56: Estrutura de madeira de lei tipo Paraju, peroba mica, angelim pedra ou equivalente para telhado de telha ondulada de fibrocimento esp. 6mm, com pontaletes e caibros, inclusive tratamento com cupinicida, exclusive telhas | E56: m² | F56: ='2-MEMORIA DE CALCULO PNE'!J224 -> 7.5 | G56: 98.63 | H56: =TRUNC(ROUND(G56*F56,2),2) -> 739.73
C57: 9.2.0 | D57: TELHADO
A58: IOPES | B58: 090202 | C58: 9.2.1 | D58: Cobertura nova de telhas onduladas de fibrocimento 6.0mm, inclusive cumeeiras e acessórios de fixação | E58: =E56 -> m² | F58: ='2-MEMORIA DE CALCULO PNE'!J229 -> 7.5 | G58: 46.74 | H58: =TRUNC(ROUND(G58*F58,2),2) -> 350.55
B59: 0903 | C59: 9.3.0 | D59: RUFOS E CALHAS
A60: IOPES | B60: 090314 | C60: 9.3.1 | D60: Rufo de chapa de alumínio esp. 0.5mm, largura de 30cm | E60: m | F60: ='2-MEMORIA DE CALCULO PNE'!$J$235 -> 8 | G60: 36.64 | H60: =TRUNC(ROUND(G60*F60,2),2) -> 293.12
A61: IOPES | B61: 090312 | C61: 9.3.2 | D61: Calha em chapa galvanizada com largura de 40 cm | E61: m | F61: ='2-MEMORIA DE CALCULO PNE'!$J$238 -> 3 | G61: 150.1 | H61: =TRUNC(ROUND(G61*F61,2),2) -> 450.3
B63: 11 | C63: 10 | D63: TETOS E FORROS | H63: =SUM(H65:H75) -> 5801.53
B64: 1101 | C64: 10.1 | D64: REVESTIMENTO COM ARGAMASSA
A65: IOPES | B65: 110101 | C65: 10.1.1 | D65: Chapisco com argamassa de cimento e areia média ou grossa lavada no traço 1:3, espessura 5 mm | E65: m² | F65: ='2-MEMORIA DE CALCULO PNE'!$J$244 -> 8.35 | G65: 11.52 | H65: =TRUNC(ROUND(G65*F65,2),2) -> 96.19
B66: 1103 | C66: 10.2 | D66: REVESTIMENTO EMPREGANDO ARGAMASSA DE CIMENTO, CAL E AREIA | H66: =TRUNC(ROUND(G66*F66,2),2) -> 0
A67: IOPES | B67: 110302 | C67: 10.2.1 | D67: Reboco tipo paulista de argamassa de cimento, cal hidratada CH1 e areia lavada traço 1:0.5:6, espessura 25 mm | E67: m² | F67: ='2-MEMORIA DE CALCULO PNE'!$J$250 -> 8.35 | G67: 55.97 | H67: =TRUNC(ROUND(G67*F67,2),2) -> 467.35
B68: 12 | C68: 10.3 | D68: REVESTIMENTO DE PAREDES | H68: =TRUNC(ROUND(G68*F68,2),2) -> 0
B69: 1201 | C69: 10.3.0 | D69: REVESTIMENTO COM ARGAMASSA | H69: =TRUNC(ROUND(G69*F69,2),2) -> 0
A70: IOPES | B70: 120101 | C70: 10.3.1 | D70: Chapisco de argamassa de cimento e areia média ou grossa lavada, no traço 1:3, espessura 5 mm | E70: m² | F70: ='2-MEMORIA DE CALCULO PNE'!$J$262 -> 67.92 | G70: 5.84 | H70: =TRUNC(ROUND(G70*F70,2),2) -> 396.65
B71: 1202 | C71: 10.4 | D71: ACABAMENTOS | H71: =TRUNC(ROUND(G71*F71,2),2) -> 0
A72: IOPES | B72: 120232 | C72: 10.4.1 | D72: Cerâmica 10 x 10 cm, ref Camburi branco Eliane, Cecrisa ou Portobello, empregando argamassa colante, inclusive rejuntamento junta plus cinza claro esp. 3 mm | E72: m² | F72: ='2-MEMORIA DE CALCULO PNE'!$J$271 -> 28.96 | G72: 71.62 | H72: =TRUNC(ROUND(G72*F72,2),2) -> 2074.12
B73: 1203 | C73: 10.5 | D73: REVESTIMENTO EMPREGANDO ARGAMASSA DE CIMENTO, CAL E AREIA
A74: IOPES | B74: 120301 | C74: 10.5.1 | D74: Emboço de argamassa de cimento, cal hidratada CH1 e areia média ou grossa lavada no traço 1:0.5:6, espessura 20 mm | E74: m² | F74: ='2-MEMORIA DE CALCULO PNE'!$J$277 -> 28.96 | G74: 28.88 | H74: =TRUNC(ROUND(G74*F74,2),2) -> 836.36
A75: IOPES | B75: 120303 | C75: 10.5.2 | D75: Reboco tipo paulista de argamassa de cimento, cal hidratada CH1e areia média ou grossa lavada no traço 1:0.5:6, espessura 25 mm | E75: m² | F75: ='2-MEMORIA DE CALCULO PNE'!$J$284 -> 38.96 | G75: 49.56 | H75: =TRUNC(ROUND(G75*F75,2),2) -> 1930.86
B76: 13 | C76: 11 | D76: PISOS INTERNOS E EXTERNOS | H76: =SUM(H78:H83) -> 3061.77
B77: 1301 | C77: 11.1.0 | D77: LASTRO DE CONTRAPISO
A78: IOPES | B78: 130112 | C78: 11.1.1 | D78: Lastro de concreto não estrutural, espessura de 6 cm | E78: m² | F78: ='2-MEMORIA DE CALCULO PNE'!$J$293 -> 14.28 | G78: 39.87 | H78: =TRUNC(ROUND(G78*F78,2),2) -> 569.34
A79: IOPES | B79: 130103 | C79: 11.1.2 | D79: Regularização de base p/ revestimento cerâmico, com argamassa de cimento e areia no traço 1:5, espessura 3cm | E79: m² | F79: ='2-MEMORIA DE CALCULO PNE'!$J$299 -> 8.41 | G79: 20.22 | H79: =TRUNC(ROUND(G79*F79,2),2) -> 170.05
B80: 1302 | C80: 11.2.0 | D80: ACABAMENTOS | H80: =TRUNC(ROUND(G80*F80,2),2) -> 0
A81: IOPES | B81: 130219 | C81: 11.2.1 | D81: Piso cerâmico 45x45cm, PEI 5, Cargo Plus Gray, marcas de referência Eliane, Cecrisa ou Portobello, assentado com argamassa de cimento colante, inclusive rejuntamento | E81: m² | F81: ='2-MEMORIA DE CALCULO PNE'!$J$307 -> 8.41 | G81: 76.2 | H81: =TRUNC(ROUND(G81*F81,2),2) -> 640.84
B82: 1303 | C82: 11.3.0 | D82: DEGRAUS, RODAPÉS, SOLEIRAS E PEITORIS | H82: =TRUNC(ROUND(G82*F82,2),2) -> 0
A83: IOPES | B83: 130308 | C83: 11.3.1 | D83: Soleira de granito esp. 2 cm e largura de 15 cm | E83: m | F83: ='2-MEMORIA DE CALCULO PNE'!J316 -> 32.3 | G83: 52.06 | H83: =TRUNC(ROUND(G83*F83,2),2) -> 1681.54
B84: 14 | C84: 12 | D84: INSTALAÇÕES HIDRO-SANITÁRIAS | H84: =SUM(H85:H92) -> 2266.42
B85: 1407 | C85: 12.1.0 | D85: PONTOS HIDRO-SANITÁRIOS
A86: IOPES | B86: 140701 | C86: 12.1.1 | D86: Ponto de água fria (lavatório, tanque, pia de cozinha, etc...) | E86: Pt | F86: ='2-MEMORIA DE CALCULO PNE'!J321 -> 4 | G86: 85.91 | H86: =TRUNC(ROUND(G86*F86,2),2) -> 343.64
A87: IOPES | B87: 140702 | C87: 12.1.2 | D87: Ponto com registro de pressão (chuveiro, caixa de descarga, etc...) | E87: Pt | F87: ='2-MEMORIA DE CALCULO PNE'!J324 -> 2 | G87: 169.28 | H87: =TRUNC(ROUND(G87*F87,2),2) -> 338.56
A88: IOPES | B88: 140705 | C88: 12.1.3 | D88: Ponto para esgoto primário (vaso sanitário) | E88: Pt | F88: ='2-MEMORIA DE CALCULO PNE'!J327 -> 2 | G88: 101.71 | H88: =TRUNC(ROUND(G88*F88,2),2) -> 203.42
A89: IOPES | B89: 140706 | C89: 12.1.4 | D89: Ponto para esgoto secundário (pia, lavatório, mictório, tanque, bidê, etc...) | E89: Pt | F89: ='2-MEMORIA DE CALCULO PNE'!J330 -> 2 | G89: 79.31 | H89: =TRUNC(ROUND(G89*F89,2),2) -> 158.62
A90: IOPES | B90: 140707 | C90: 12.1.5 | D90: Ponto para caixa sifonada, inclusive caixa sifonada pvc 150x150x50mm com grelha em pvc pt 127,0 | E90: Pt | F90: ='2-MEMORIA DE CALCULO PNE'!J333 -> 2 | G90: 139.6 | H90: =TRUNC(ROUND(G90*F90,2),2) -> 279.2
B91: 1411 | C91: 12.2.0 | D91: CAIXAS EMPREGANDO ARGAMASSA DE CIMENTO, CAL E AREIA | H91: =TRUNC(ROUND(G91*F91,2),2) -> 0
A92: IOPES | B92: 141101 | C92: 12.2.1 | D92: Caixas de inspeção de alv. blocos concreto 9x19x39cm, dim, 60x60cm e Hmáx = 1m, com tampa de conc. esp. 5cm, lastro de conc. esp. 10cm, revest intern. c/ chapisco e reboco impermeabilizado, incl. escavação, reaterro e enchimento | E92: Unid. | F92: ='2-MEMORIA DE CALCULO PNE'!J338 -> 2 | G92: 471.49 | H92: =TRUNC(ROUND(G92*F92,2),2) -> 942.98
B93: 15 | C93: 13 | D93: INSTALAÇÕES ELÉTRICAS | H93: =SUM(H95:H104) -> 3081.1
B94: 1506 | C94: 13.1.0 | D94: CAIXAS DE PASSAGEM
A95: IOPES | B95: 150629 | C95: 13.1.1 | D95: Caixa de embutir marca de referência Tigreflex, 4x4" | E95: Unid. | F95: ='2-MEMORIA DE CALCULO PNE'!J343 -> 1 | G95: 13.04 | H95: =TRUNC(ROUND(G95*F95,2),2) -> 13.04
A96: IOPES | B96: 1511 | C96: 13.2.0 | D96: ELETRODUTOS E CONEXÕES | H96: =TRUNC(ROUND(G96*F96,2),2) -> 0
A97: IOPES | B97: 151126 | C97: 13.2.1 | D97: Eletroduto de PVC rígido roscável, diâm. 3/4" (25mm), inclusive conexões | E97: m | F97: ='2-MEMORIA DE CALCULO PNE'!J348 -> 60 | G97: 14.79 | H97: =TRUNC(ROUND(G97*F97,2),2) -> 887.4
B98: 1513 | C98: 13.3.0 | D98: CHAVES, FUSIVEIS E DISJUNTORES | H98: =TRUNC(ROUND(G98*F98,2),2) -> 0
A99: IOPES | B99: 151301 | C99: 13.3.1 | D99: Mini-Disjuntor monopolar 16 A, curva C - 5KA 220/127VCA (NBR IEC 60947-2), Ref. Siemens, GE, Schneider ou equivalente | E99: Unid. | F99: ='2-MEMORIA DE CALCULO PNE'!J352 -> 1 | G99: 19.82 | H99: =TRUNC(ROUND(G99*F99,2),2) -> 19.82
B100: 1514 | C100: 13.4 | D100: FIOS E CABOS | H100: =TRUNC(ROUND(G100*F100,2),2) -> 0
A101: IOPES | B101: 151402 | C101: 13.4.1 | D101: Fio de cobre termoplástico, com isolamento para 750V, seção de 2.5 mm2 | E101: m | F101: ='2-MEMORIA DE CALCULO PNE'!J357 -> 180 | G101: 5.64 | H101: =TRUNC(ROUND(G101*F101,2),2) -> 1015.2
A102: IOPES | C102: 13.5.0 | D102: PONTOS ELETRICOS REVISAO NR-10 | H102: =TRUNC(ROUND(G102*F102,2),2) -> 0
A103: IOPES | B103: 151801 | C103: 13.5.1 | D103: Ponto padrão de luz no teto - considerando eletroduto PVC rígido de 3/4" inclusive conexões (4.5m), fio isolado PVC de 2.5mm2 (16.2m) e caixa estampada 4x4" (1 und) | E103: Unid. | F103: ='2-MEMORIA DE CALCULO PNE'!J361 -> 3 | G103: 174.7 | H103: =TRUNC(ROUND(G103*F103,2),2) -> 524.1
A104: IOPES | B104: 151812 | C104: 13.5.2 | D104: Ponto padrão de interruptor de 2 teclas simples e 1 tomada dois pólos mais terra 10A/250V - considerando eletroduto PVC rígido de 3/4" inclusive conexões (4.5m), fio isolado PVC de 2.5mm2 (22.9m) e caixa estampada 4x2" (1 und) | E104: Unid. | F104: ='2-MEMORIA DE CALCULO PNE'!J363 -> 3 | G104: 207.18 | H104: =TRUNC(ROUND(G104*F104,2),2) -> 621.54
B105: 17 | C105: 14 | D105: APARELHOS HIDRO-SANITÁRIOS | H105: =SUM(H107:H115) -> 7121.89
B106: 1701 | C106: 14.1.0 | D106: LOUÇAS
A107: IOPES | B107: 170108 | C107: 14.1.1 | D107: Saboneteira de louça branca, 15x15cm, marcas de referência Deca, Celite ou Ideal Standard | E107: Unid. | F107: ='2-MEMORIA DE CALCULO PNE'!J368 -> 2 | G107: 75.97 | H107: =TRUNC(ROUND(G107*F107,2),2) -> 151.94
...

Sheet 2-MEMORIA DE CALCULO PNE
A1: PREFEITURA MUNICIPAL DE JOÃO NEIVA
A2: MEMÓRIA DE CÁLCULO
A3: ='1-PLANILHA PNE'!A3:D3 -> Obra: Construção de um banheiro PNE para a Quadra de Esportes de Acioli - João Neiva/ES
A4: ='1-PLANILHA PNE'!A4:D4 -> Local: Rua Felipe Raizer, s/nº, Acioli, João Neiva/ES | E4: Data base: jul/2019 | H4: L.S=128,33% | J4: BDI=30,90%
A5: Item | B5: Descrição | C5: Quant | D5: Comprim (m) | E5: Largura (m) | F5: Altura (m) | G5: Espessura (m) | H5: Área (m²) | I5: Volume (m³) | J5: Total
A6: 01 | B6: SERVIÇOS PRELIMINARES
A8: 1.1 | B8: Demolição de alvenaria | J8: ='1-PLANILHA PNE'!E10 -> m³
B9: Demolição de alvenaria na parede lateral voltada para a escola, para instalação de banheiros adaptados | C9: 1 | D9: 3.15 | F9: 2.1 | G9: 0.25 | J9: =ROUND(C9*D9*F9*G9,2) -> 1.65
B10: TOTAL | J10: =TRUNC(ROUND(SUM(J9:J9),2),2) -> 1.65
A12: ='1-PLANILHA PNE'!C11 -> 1.2 | B12: ='1-PLANILHA PNE'!D11 -> Demolição de piso cimentado inclusive lastro de concreto | J12: ='1-PLANILHA PNE'!E11 -> m²
B13: Demolição da calçada para execução dos banheiros rente a parede | C13: 1 | D13: 3.3 | E13: 0.3 | H13: =D13*E13 -> 0.99 | J13: =H13*C13 -> 0.99
B15: TOTAL | J15: =TRUNC(ROUND(J13,2),2) -> 0.99
A17: 1.3 | B17: Locação de obra com gabarito de madeira | J17: ='1-PLANILHA PNE'!E12 -> m²
C18: 3.05 | D18: 3.3 | E18: 1 | H18: =C18*D18*E18 -> 10.065 | J18: =H18 -> 10.065
B27: TOTAL | J27: =TRUNC(ROUND(SUM(J18),2),2) -> 10.07
A28: 2.0 | B28: INSTALAÇÃO DO CANTEIRO DE OBRAS
A30: 2.1 | B30: ='1-PLANILHA PNE'!D15 -> Placa de obra nas dimensões de 2.0 x 4.0 m, padrão IOPES | J30: ='1-PLANILHA PNE'!E15 -> m²
C31: 1 | D31: 4 | E31: 2 | H31: =D31*E31 -> 8 | J31: =H31*C31 -> 8
B32: TOTAL | J32: =TRUNC(ROUND(J31,2),2) -> 8
A34: 2.2 | B34: ='1-PLANILHA PNE'!D16 -> Tapume madeira compensada resinada e= 12mm h=2,20m, estr. c/ mad reflorest., incl mont, pintura esmalte sint, adesivo "IOPES" 60x60cm a cada 10m e faixas c/ pintura esmalte sintético nas cores azul c/ h=30cm e rosa c/ h=10cm | J34: ='1-PLANILHA PNE'!E16 -> m
B35: Frente | D35: 4.55
B36: Lateral | D36: 6.3
B37: Fundos | D37: 3
B38: Total | D38: =SUM(D35:D37) -> 13.85
B53: TOTAL | J53: =TRUNC(ROUND(D38,2),2) -> 13.85
A54: 03 | B54: MOVIMENTO DE TERRA
A55: 301 | B55: ESCAVAÇÕES
A56: 3.1.1 | B56: Escavação manual em material de 1a. categoria, até 1.50 m de profundidade | C56: Quant | D56: Comprim (m) | E56: Largura (m) | F56: Altura (m) | G56: Espessura (m) | H56: Área (m²) | I56: Volume (m³) | J56: Total
B57: SAPATAS
B58: S1=S2=S3=S4 | C58: 4 | D58: 1 | E58: 1 | F58: 1.4 | I58: =C58*D58*E58*F58 -> 5.6 | J58: =I58 -> 5.6
B59: C1=C2 | C59: 2 | D59: 3.05 | E59: =0.15+0.2+0.2 -> 0.55 | F59: 0.2 | I59: =C59*D59*E59*F59 -> 0.671 | J59: =I59 -> 0.671
B60: C3=C4 | C60: 2 | D60: 3.3 | E60: =0.15+0.2+0.2 -> 0.55 | F60: 0.2 | I60: =C60*D60*E60*F60 -> 0.726 | J60: =I60 -> 0.726
B62: TOTAL | J62: =TRUNC(ROUND(SUM(J58:J60),2),2) -> 7
A63: 3.1.2 | B63: Reaterro apiloado de cavas de fundação, em camadas de 20 cm
B64: Será a diferença entre o volume da cava (escavação) e o volume da fundação (concreto). No caso das cintas, será considerado somente o volume abaixo do nível do terreno
B65: volume das sapatas | C65: 4 | D65: 0.6 | E65: 0.6 | F65: 0.3 | I65: =D65*E65*F65*C65 -> 0.432 | J65: =I65 -> 0.432
B66: volume dos pilaretes | C66: 4 | D66: 0.3 | E66: 0.15 | F66: 1.1 | I66: =D66*E66*F66*C66 -> 0.198 | J66: =I66 -> 0.198
B67: volume das cintas | C67: 1 | D67: =3.3+3.3+3.05+3.05 -> 12.7 | E67: 0.15 | F67: 0.2 | I67: =D67*E67*F67*C67 -> 0.381 | J67: =I67 -> 0.381
B68: volume de escavação | J68: =J62 -> 7
B69: volume de concreto | J69: =SUM(J65:J67) -> 1.011
B70: Reaterro = Escavação - vol concreto | J70: =J68-J69 -> 5.989
B71: TOTAL | J71: =TRUNC(ROUND(J70,2),2) -> 5.99
A73: 3.1.3 | B73: Aterro manual para regularização do terreno em argila, inclusive adensamento manual e fornecimento do material (máximo de 100m3)
B75: Área interna da nova edificação | C75: 1 | D75: 3.05 | E75: 3.3 | F75: 0.3 | J75: =C75*D75*E75*F75 -> 3.0195
B76: TOTAL | J76: =TRUNC(ROUND(SUM(J75:J75),2),2) -> 3.02
A78: 303 | B78: TRANSPORTES
A79: 3.1.4 | B79: Índice de preço para remoção de entulho decorrente da execução de obras (Classe A CONAMA - NBR10.004 - Classe II-B), incluindo aluguel da caçamba, carga, transporte e descarga em área licenciada
B81: Abertura na parede da quadra p/ entrada nos Wc's PNE's | C81: 1 | D81: 3.15 | F81: 2.1 | G81: 0.25 | J81: =(C81*D81*F81*G81) -> 1.65375
B82: Demolição da calçada para execução dos banheiros rente a parede | C82: 1 | D82: 3.3 | E82: 0.3 | J82: =C82*D82*E82 -> 0.99
B84: Considerando um empolamento de 30%
B85: TOTAL | J85: =TRUNC(ROUND(SUM(J81:J82)*1.3,2),2) -> 3.44
A87: 4 | B87: ESTRUTURAS
A88: 402 | B88: INFRA-ESTRUTURA (FUNDAÇÃO)
A89: 4.1 | B89: Fôrma de tábua de madeira de 2.5 x 30.0 cm para fundações, levando-se em conta a utilização 5 vezes (incluido o material, corte, montagem, escoramento e desforma) | C89: QUANT | D89: Comp. A(m) | E89: Compr. B(m) | F89: Largura C(m) | G89: Largura D(m) | H89: Altura(m) | I89: ÁREA(m²) | J89: TOTAL(m²)
B90: SAPATAS | C90: 4 | D90: 0.6 | E90: 0.6 | F90: 0.6 | G90: 0.6 | H90: 0.3 | I90: =(D90+E90+F90+G90)*H90 -> 0.72 | J90: =I90*C90 -> 2.88
B91: PILARETES | C91: 4 | D91: 0.15 | E91: 0.15 | F91: 0.3 | G91: 0.6 | H91: 0.9 | I91: =(D91+E91+F91+G91)*H91 -> 1.08 | J91: =I91*C91 -> 4.32
B92: CINTAS C1-C2 | C92: 2 | D92: 0.2 | E92: 0.2 | F92: 0.15 | H92: 3.05 | I92: =(D92+E92+F92+G92)*H92 -> 1.6775 | J92: =I92*C92 -> 3.355
B93: CINTAS C3-C4 | C93: 2 | D93: 0.2 | E93: 0.3 | F93: 0.15 | H93: 3.3 | I93: =(D93+E93+F93+G93)*H93 -> 2.145 | J93: =I93*C93 -> 4.29
I94: Total | J94: =SUM(J90:J93) -> 14.845
B96: TOTAL | J96: =TRUNC(ROUND(J94,2),2) -> 14.85
A98: 4.2 | B98: Fornecimento, preparo e aplicação de concreto magro com consumo mínimo de cimento de 250 kg/m3 (brita 1 e 2) - (5% de perdas já incluído no custo)
B99: Sapatas
B100: S1=S2=S3=S4 | C100: 4 | D100: 0.6 | E100: 0.6 | F100: 0.05 | I100: =C100*D100*E100*F100 -> 0.072 | J100: =I100 -> 0.072
B101: Vigas baldrames
B102: B1=B2 | C102: 2 | D102: 3.03 | E102: 0.2 | F102: 0.05 | I102: =C102*D102*E102*F102 -> 0.0606 | J102: =I102 -> 0.0606
B103: B3=B4 | C103: 2 | D103: 3.3 | E103: 0.2 | F103: 0.05 | I103: =C103*D103*E103*F103 -> 0.066 | J103: =I103 -> 0.066
B104: TOTAL | J104: =TRUNC(ROUND(SUM(J100:J103),2),2) -> 0.2
A106: 4.3 | B106: Fornecimento, preparo e aplicação de concreto Fck=25 MPa (brita 1 e 2) - (5% de perdas já incluído no custo)
B108: VOLUME CONCRETO | C108: QUANT | D108: A (m) | E108: B(m) | F108: H(m) | I108: VOL(m) | J108: TOTAL(m)
B109: SAPATAS | C109: 4 | D109: 0.6 | E109: 0.6 | F109: 0.3 | I109: =D109*E109*F109 -> 0.108 | J109: =I109*C109 -> 0.432
B110: PILARETES | C110: 4 | D110: 0.15 | E110: 0.3 | F110: 0.9 | I110: =D110*E110*F110 -> 0.0405 | J110: =I110*C110 -> 0.162
B111: CINTAS C1-C2 | C111: 2 | D111: 0.15 | E111: 3.05 | F111: 0.3 | I111: =D111*E111*F111 -> 0.13725 | J111: =I111*C111 -> 0.2745
B112: CINTAS C3-C4 | C112: 2 | D112: 0.15 | E112: 3.3 | F112: 0.3 | I112: =D112*E112*F112 -> 0.1485 | J112: =I112*C112 -> 0.297
B113: LAJE L1-L2 | C113: 2 | D113: 3.05 | E113: 1.5 | F113: 0.1 | I113: =D113*E113*F113 -> 0.4575 | J113: =I113*C113 -> 0.915
B115: TOTAL | J115: =TRUNC(ROUND(SUM(J109:J113),2),2) -> 2.08
A116: 4.4 | B116: Fornecimento, dobragem e colocação em fôrma, de armadura CA-50 A média, diâmetro de 6.3 a 10.0 mm
A117: Aço | B117: N | C117: Ø(mm) | D117: QUANT | E117: QUANT | F117: COMPRIMENTO(m) | I117: Total (kg)
E118: TOTAL | F118: unitário | G118: Total/und | H118: total geral | I118: kg/m | J118: kg
A119: 50A | B119: 1 | C119: 8 | D119: 7 | E119: 8 | F119: 0.94 | G119: =D119*F119 -> 6.58 | H119: =E119*G119 -> 52.64 | I119: 0.395 | J119: =I119*H119 -> 20.7928
A120: 50A | B120: 2 | C120: 8 | D120: 4 | E120: 4 | F120: 2.2 | G120: =D120*F120 -> 8.8 | H120: =E120*G120 -> 35.2 | I120: 0.395 | J120: =I120*H120 -> 13.904
A121: 60B | B121: 3 | C121: 5 | D121: 14 | E121: 4 | F121: 0.76 | G121: =D121*F121 -> 10.64 | H121: =E121*G121 -> 42.56 | I121: 0.16 | J121: =I121*H121 -> 6.8096
A122: 50A | B122: 4 | C122: 8 | D122: 4 | E122: 2 | F122: 3.25 | G122: =D122*F122 -> 13 | H122: =E122*G122 -> 26 | I122: =I120 -> 0.395 | J122: =I122*H122 -> 10.27
A123: 60B | B123: 5 | C123: 5 | D123: 16 | E123: 2 | F123: 0.76 | G123: =D123*F123 -> 12.16 | H123: =E123*G123 -> 24.32 | I123: =I121 -> 0.16 | J123: =I123*H123 -> 3.8912
A124: 50A | B124: 6 | C124: 8 | D124: 4 | E124: 2 | F124: 0.6 | G124: =D124*F124 -> 2.4 | H124: =E124*G124 -> 4.8 | I124: =I120 -> 0.395 | J124: =I124*H124 -> 1.896
A125: 50A | B125: 7 | C125: 8 | D125: 4 | E125: 2 | F125: 3.49 | G125: =D125*F125 -> 13.96 | H125: =E125*G125 -> 27.92 | I125: =I124 -> 0.395 | J125: =I125*H125 -> 11.0284
A126: 60B | B126: 8 | C126: 5 | D126: 18 | E126: 2 | F126: 0.76 | G126: =D126*F126 -> 13.68 | H126: =E126*G126 -> 27.36 | I126: 0.16 | J126: =I126*H126 -> 4.3776
B128: TOTAL | J128: =TRUNC(ROUND(SUM(J119:J127),2),2) -> 72.97
A130: 0403 | B130: SUPER-ESTRUTURA
A131: 5.1 | B131: Fornecimento, preparo e aplicação de concreto Fck=25 MPa (brita 1 e 2) - (5% de perdas já incluído no custo)
B133: VOLUME CONCRETO | C133: QUANT | D133: Comp(m) | E133: Larg(m) | F133: Altura(m) | I133: VOL(m3) | J133: TOTAL(m3)
B134: PILARES | C134: 4 | D134: 0.15 | E134: 0.3 | F134: 2.4 | I134: =D134*E134*F134 -> 0.108 | J134: =I134*C134 -> 0.432
B135: VIGA V1-V2 | C135: 2 | D135: 0.15 | E135: 3.05 | F135: 0.3 | I135: =D135*E135*F135 -> 0.13725 | J135: =I135*C135 -> 0.2745
B136: VIGA V3-V4 | C136: 2 | D136: 0.15 | E136: 3.3 | F136: 0.3 | I136: =D136*E136*F136 -> 0.1485 | J136: =I136*C136 -> 0.297
B137: LAJE L1-L2 | C137: 2 | D137: 3.05 | E137: 1.5 | F137: 0.1 | I137: =D137*E137*F137 -> 0.4575 | J137: =I137*C137 -> 0.915
B139: TOTAL | J139: =TRUNC(ROUND(SUM(J134:J137),2),2) -> 1.92
A141: 5.2 | B141: Fornecimento, dobragem e colocação em fôrma, de armadura CA-50 A média, diâmetro de 6.3 a 10.0 mm
A142: Aço | B142: N | C142: Ø(mm) | D142: QUANT | E142: QUANT | F142: COMPRIMENTO(m) | I142: Total (kg)
E143: TOTAL | F143: unitário | G143: Total/und | H143: total geral | I143: kg/m | J143: kg
A144: 50A | B144: 9 | C144: 8 | D144: 4 | E144: 2 | F144: 0.6 | G144: =D144*F144 -> 2.4 | H144: =E144*G144 -> 4.8 | I144: 0.395 | J144: =I144*H144 -> 1.896
A145: 50A | B145: 10 | C145: 8 | D145: 4 | E145: 2 | F145: 3.24 | G145: =D145*F145 -> 12.96 | H145: =E145*G145 -> 25.92 | I145: 0.395 | J145: =I145*H145 -> 10.2384
...

Sheet 3- CRONOGRAMA FISICO FINANCEIRO
A1: PREFEITURA MUNICIPAL DE JOÃO NEIVA
A2: CRONOGRAMA FÍSICO-FINANCEIRO
A3: ='1-PLANILHA PNE'!A3:D3 -> Obra: Construção de um banheiro PNE para a Quadra de Esportes de Acioli - João Neiva/ES
A4: ='1-PLANILHA PNE'!A4:D4 -> Local: Rua Felipe Raizer, s/nº, Acioli, João Neiva/ES
A5: ITEM | B5: DESCRIÇÃO | D5: VALORES DO ITEM (% / R$) | E5: PERÍODO (MESES) 2019 | F5: PERÍODO (MESES) 2020
E6: dezembro | F6: janeiro | G6: fevereiro | H6: março | I6: abril | J6: maio
E7: 1 | F7: 2 | G7: 3 | H7: 4 | I7: 5 | J7: 6
A8: 01 | B8: SERVIÇOS PRELIMINARES | C8: Físico (%) | D8: =D9/$D$43 -> 0.0035741827 | E8: Processo licitatório | G8: 1
C9: Financeiro (R$) | D9: ='1-PLANILHA PNE'!H9 -> 180.85 | G9: =D9 -> 180.85
A10: 02 | B10: INSTALAÇÃO DO CANTEIRO DE OBRAS | C10: Físico (%) | D10: =D11/$D$43 -> 0.08746619 | E10: Processo licitatório | G10: 1
C11: Financeiro (R$) | D11: ='1-PLANILHA PNE'!H14 -> 4425.7 | G11: =D11 -> 4425.7
A12: 03 | B12: MOVIMENTO DE TERRA | C12: Físico (%) | D12: =D13/$D$43 -> 0.024157404 | E12: Processo licitatório | G12: 1
C13: Financeiro (R$) | D13: ='1-PLANILHA PNE'!H18 -> 1222.34 | G13: =D13 -> 1222.34
A14: 04 | B14: ESTRUTURAS | C14: Físico (%) | D14: =D15/$D$43 -> 0.05795018 | E14: Processo licitatório | G14: 1
C15: Financeiro (R$) | D15: ='1-PLANILHA PNE'!H25 -> 2932.22 | G15: =D15 -> 2932.22
A16: 05 | B16: SUPER-ESTRUTURA | C16: Físico (%) | D16: =D17/$D$43 -> 0.096600959 | E16: Processo licitatório | G16: 0.2 | H16: 0.8
C17: Financeiro (R$) | D17: ='1-PLANILHA PNE'!H31 -> 4887.91 | G17: =D17*0.2 -> 977.582 | H17: =D17*0.8 -> 3910.328
A18: 06 | B18: PAREDES E PAINÉIS | C18: Físico (%) | D18: =D19/$D$43 -> 0.03606634 | E18: Processo licitatório | H18: 1
C19: Financeiro (R$) | D19: ='1-PLANILHA PNE'!H35 -> 1824.92 | H19: =D19 -> 1824.92
A20: 07 | B20: ESQUADRIAS DE MADEIRA | C20: Físico (%) | D20: =D21/$D$43 -> 0.042167648 | E20: Processo licitatório | H20: 1
C21: Financeiro (R$) | D21: ='1-PLANILHA PNE'!H40 -> 2133.64 | H21: =D21 -> 2133.64
A22: 8 | B22: ESQUADRIAS METÁLICAS | C22: Físico (%) | D22: =D23/$D$43 -> 0.10585371 | E22: Processo licitatório | H22: 1
C23: Financeiro (R$) | D23: ='1-PLANILHA PNE'!H44 -> 5356.09 | H23: =D23 -> 5356.09
A24: 9 | B24: COBERTURA | C24: Físico (%) | D24: =D25/$D$43 -> 0.036239861 | E24: Processo licitatório | I24: 1
C25: Financeiro (R$) | D25: ='1-PLANILHA PNE'!H54 -> 1833.7 | I25: =D25 -> 1833.7
A26: 10 | B26: TETOS E FORROS | C26: Físico (%) | D26: =D27/$D$43 -> 0.11465705 | E26: Processo licitatório | I26: 1
C27: Financeiro (R$) | D27: ='1-PLANILHA PNE'!H63 -> 5801.53 | I27: =D27 -> 5801.53
A28: 11 | B28: PISOS INTERNOS E EXTERNOS | C28: Físico (%) | D28: =D29/$D$43 -> 0.060510508 | E28: Processo licitatório | I28: 1
C29: Financeiro (R$) | D29: ='1-PLANILHA PNE'!H76 -> 3061.77 | I29: =D29 -> 3061.77
A30: 12 | B30: INSTALAÇÕES HIDROSSANITÁRIAS | C30: Físico (%) | D30: =D31/$D$43 -> 0.044791812 | E30: Processo licitatório | H30: 0.7 | I30: 0.3
C31: Financeiro (R$) | D31: ='1-PLANILHA PNE'!H84 -> 2266.42 | H31: =D31*0.7 -> 1586.494 | I31: =D31*0.3 -> 679.926
A32: 13 | B32: INSTALAÇÕES ELÉTRICAS | C32: Físico (%) | D32: =D33/$D$43 -> 0.060892532 | E32: Processo licitatório | H32: 0.7 | I32: 0.3
C33: Financeiro (R$) | D33: ='1-PLANILHA PNE'!H93 -> 3081.1 | H33: =D33*0.7 -> 2156.77 | I33: =D33*0.3 -> 924.33
A34: 14 | B34: APARELHOS HIDROSSANITÁIOS | C34: Físico (%) | D34: =D35/$D$43 -> 0.14075165 | E34: Processo licitatório | I34: 0.3 | J34: 0.7
C35: Financeiro (R$) | D35: ='1-PLANILHA PNE'!H105 -> 7121.89 | I35: =D35*0.3 -> 2136.567 | J35: =D35*0.7 -> 4985.323
A36: 15 | B36: APARELHOS ELÉTRICOS | C36: Físico (%) | D36: =D37/$D$43 -> 0.01168739 | E36: Processo licitatório | I36: 0.3 | J36: 0.7
C37: Financeiro (R$) | D37: ='1-PLANILHA PNE'!H116 -> 591.37 | I37: =D37*0.3 -> 177.411 | J37: =D37*0.7 -> 413.959
A38: 16 | B38: PINTURA | C38: Físico (%) | D38: =D39/$D$43 -> 0.05980417 | E38: Processo licitatório | J38: 1
C39: Financeiro (R$) | D39: ='1-PLANILHA PNE'!H123 -> 3026.03 | J39: =D39 -> 3026.03
A40: 17 | B40: TRATAMENTO, CONSERVAÇÃO E LIMPEZA | C40: Físico (%) | D40: =D41/$D$43 -> 0.016828402 | E40: Processo licitatório | J40: 1
C41: Financeiro (R$) | D41: ='1-PLANILHA PNE'!H132 -> 851.5 | J41: =D41 -> 851.5
A42: TOTAL | D42: =D43/$D$43 -> 1
D43: =D9+D11+D13+D15+D17+D19+D21+D23+D25+D27+D29+D31+D33+D35+D37+D39+D41 -> 50598.98
A44: VALOR DOS SERVIÇOS EXECUTADOS NO MÊS | E44: Processo licitatório | G44: =G9+G11+G13+G15+G17+G19+G21+G23+G25+G27+G29+G31+G33+G35+G37+G39+G41 -> 9738.692 | H44: =H9+H11+H13+H15+H17+H19+H21+H23+H25+H27+H29+H31+H33+H35+H37+H39+H41 -> 16968.242 | I44: =I9+I11+I13+I15+I17+I19+I21+I23+I25+I27+I29+I31+I33+I35+I37+I39+I41 -> 14615.234 | J44: =J9+J11+J13+J15+J17+J19+J21+J23+J25+J27+J29+J31+J33+J35+J37+J39+J41 -> 9276.812
A45: PERCENTUAL DOS SERVIÇOS EXECUTADOS NO MÊS | G45: =G44/$D$43 -> 0.19246815 | H45: =H44/$D$43 -> 0.33534751 | I45: =I44/$D$43 -> 0.28884444 | J45: =J44/$D$43 -> 0.1833399
A46: VALOR ACUMULADO DOS SERVIÇOS EXECUTADOS | G46: =G44 -> 9738.692 | H46: =G46+H44 -> 26706.934 | I46: =H46+I44 -> 41322.168 | J46: =I46+J44 -> 50598.98
A47: PERCENTUAL ACUMULADO DOS SERVIÇOS EXECUTADOS | G47: =G46/$D$43 -> 0.19246815 | H47: =H46/$D$43 -> 0.52781566 | I47: =I46/$D$43 -> 0.8166601 | J47: =J46/$D$43 -> 1

Sheet COMP-01
B1: COMPOSIÇÃO ANALÍTICA DE PREÇO UNITARIO | M1: Data -base
M2: 43647
M3: COMP 01
A4: SERVIÇO: | B4: Barra de apoio em aço inox polido, diâm. 3cm, comprimento de 80 cm, para sanitário deficientes
A5: UNID: | B5: =[2]PREÇOS!E148 -> und
A6: MÃO-DE-OBRA
A7: CÓD. | B7: ORGÃO | C7: DESCRIÇÃO | F7: UND | G7: COEF | H7: C. PROD. | I7: PR. PROD. | J7: LS (%) | K7: PR. UNIT. | L7: FATOR AC. | M7: SUBTOTAL
A8: 10101 | B8: IOPES | C8: Ajudante | F8: h | G8: 0,015 | H8: 1 | I8: 5.67 | J8: 128.33 | K8: =I8*((J8/100)+1) -> 12.946311 | L8: - | M8: =K8*G8 -> 0.19419466
A9: 10139 | B9: IOPES | C9: Pedreiro | F9: h | G9: 0.128 | H9: 1 | I9: 6.72 | J9: 128.33 | K9: =I9*((J9/100)+1) -> 15.343776 | L9: - | M9: =K9*G9 -> 1.9640033
A10: 10146 | B10: IOPES | C10: Servente | F10: h | G10: 0.1061 | H10: 1 | I10: 4.94 | J10: 128.33 | K10: =I10*((J10/100)+1) -> 11.279502 | L10: - | M10: =K10*G10 -> 1.1967552
A13: TOTAL A (JÁ COM OS ENCARGOS SOCIAIS) | I13: =TRUNC(ROUND(SUM(M8:M10),2),2) -> 3.35
A15: MATERIAIS/ SERVIÇOS
A16: CÓD. | B16: ORGÃO | C16: DESCRIÇÃO | F16: UND | G16: COEF | H16: C. PROD. | I16: PR. PROD. | J16: PR. IMPROD. | K16: PR. UNIT. | L16: FATOR AC. | M16: SUBTOTAL
A17: 36081 | B17: SINAPI (jul-2019) | C17: Barra de apoio reta, em aço inox polido, comprimento 80cm, diametro minimo 3 cm | F17: und | G17: 1 | H17: 1 | I17: 90 | J17: 0 | K17: =I17 -> 90 | L17: - | M17: =G17*K17 -> 90
A18: 20503 | B18: IOPES | C18: Areia lavada média | F18: m3 | G18: 0.0002 | H18: 1 | I18: 66.6 | J18: 0 | K18: =I18 -> 66.6 | L18: - | M18: =G18*K18 -> 0.01332
A19: 20508 | B19: IOPES | C19: Cimento CP III - 40 | F19: kg | G19: 0.1165 | H19: 1 | I19: 0.34 | J19: 0 | K19: =I19 -> 0.34 | L19: - | M19: =G19*K19 -> 0.03961
A24: TOTAL B | I24: =TRUNC(ROUND(SUM(M17:M19),2),2) -> 90.05
A26: RESUMO
A27: TOTAL A | I27: =I13 -> 3.35
A28: TOTAL B | I28: =I24 -> 90.05
A29: TOTAL C ( TOTAL A X LEIS SOCIAIS) | I29: =I27 -> 3.35
A30: TOTAL D (A+B) | I30: =I28+I29 -> 93.4
A31: TOTAL E (BDI 30,9%) | I31: =I30*30.9% -> 28.8606
A32: PREÇO DE VENDA | K32: =TRUNC(ROUND(I30+I31,2),2) -> 122.26
